[Event "Early-Titled-Tuesday-Blitz-November-28-2023"]
[Site "Chess.com"]
[Date "2023.11.28"]
[Round "1"]
[White "atalz0"]
[Black "ShiroglanTalibov"]
[Result "1-0"]
[WhiteElo "2485"]
[BlackElo "2835"]
[TimeControl "180+1"]
[EndTime "8:01:35 PST"]
[Termination "atalz0 won by resignation"]

1. d4 Nf6 2. c4 g6 3. f3 d5 4. cxd5 Nxd5 5. e4 Nb6 6. Nc3 Bg7 7. Be3 O-O 8. a4 a5 9. Rc1 f5 10. h4 Nc6 11. Nb5 1-0

[Event "Early-Titled-Tuesday-Blitz-November-28-2023"]
[Site "Chess.com"]
[Date "2023.11.28"]
[Round "1"]
[White "Rital44"]
[Black "Msb2"]
[Result "0-1"]
[WhiteElo "2517"]
[BlackElo "3039"]
[TimeControl "180+1"]
[EndTime "8:01:49 PST"]
[Termination "Msb2 won by resignation"]

1. d4 d5 2. c4 e6 3. Nc3 Bb4 4.
Qb3 c5 5. Nf3 Nc6 6. e3 Nf6 7.
Bd2 O-O 8. Bd3 dxc4 9. Qxc4 Na5 10. Qb5 Bd7 0-1

[Event "Early-Titled-Tuesday-Blitz-November-28-2023"]
[Site "Chess.com"]
[Date "2023.11.28"]
[Round "1"]
[White "Airquake"]
[Black "DenLaz"]
[Result "0-1"]
[WhiteElo "2521"]
[BlackElo "3059"]
[TimeControl "180+1"]
[EndTime "8:02:50 PST"]
[Termination "DenLaz won by resignation"]

1. g3 d5 2. Bg2 e5 3. d3 Nf6 4.
Nf3 Bd6 5. O-O O-O 6. c4 c6 7.
b3 Re8 8. Bb2 Nbd7 9. cxd5 cxd5 10. Nc3 a6 11. Rc1 d4 12. Ne4 Nxe4 13. dxe4 Nf6 14. Nd2 b5 15. Qe1 Bb7 16. e3 Bb4 17. a3 dxe3 0-1

[Event "Early-Titled-Tuesday-Blitz-November-28-2023"]
[Site "Chess.com"]
[Date "2023.11.28"]
[Round "1"]
[White "Rsnr"]
[Black "Bilan_Danila"]
[Result "1-0"]
[WhiteElo "2941"]
[BlackElo "2502"]
[TimeControl "180+1"]
[EndTime "8:02:50 PST"]
[Termination "Rsnr won by resignation"]

1. d4 d5 2. c4 e6 3. Nc3 c6 4. e4 Bb4 5. e5 c5 6. Nf3 Nc6 7. a3 Ba5 8. cxd5 exd5 9. Bg5 Nge7 10.
Bb5 O-O 1-0

[Event "Early-Titled-Tuesday-Blitz-November-28-2023"]
[Site "Chess.com"]
[Date "2023.11.28"]
[Round "1"]
[White "alexrustemov"]
[Black "Mistango"]
[Result "1-0"]
[WhiteElo "2860"]
[BlackElo "2480"]
[TimeControl "180+1"]
[EndTime "8:03:14 PST"]
[Termination "alexrustemov won by resignation"]

1. d4 Nf6 2. c4 g6 3. Nf3 Bg7 4. g3 O-O 5. Bg2 d6 6. Nc3 Nbd7 7. d5 Nc5 8. Be3 Nfe4 9. Nxe4 Nxe4 10. Bd4 Bxd4 11.
Nxd4 Nf6 12. b4 a5 13. a3 axb4 14. axb4 Rxa1 15. Qxa1 Bd7 16. O-O Qa8 17. c5 b6 18.
c6 Bf5 19. Nb5 Qxa1 20. Rxa1 Rc8 21. Ra7 Ne8 22. e4 Bg4 23. f3 h5 24. fxg4 hxg4 25.
h3 f5 26. exf5 gxf5 27. hxg4 fxg4 28. Be4 1-0

[Event "Early-Titled-Tuesday-Blitz-November-28-2023"]
[Site "Chess.com"]
[Date "2023.11.28"]
[Round "1"]
[White "LastHeroJr"]
[Black "vi_pranav"]
[Result "0-1"]
[WhiteElo "2521"]
[BlackElo "3066"]
[TimeControl "180+1"]
[EndTime "8:03:15 PST"]
[Termination "vi_pranav won by resignation"]

1. e4 e5 2. Nf3 Nc6 3. Bb5 a6 4. Ba4 Nf6 5. O-O Be7 6. d3 d6 7. h3 O-O 8. Nc3 Nd7 9. Re1 Nc5 10. Bb3 Nxb3 11. axb3 f5 12. Be3 Qe8 13. d4 fxe4 14. Nxe4 d5 15. Ng3 e4 16. Ne5 Bd6 17. Nxc6 bxc6 18.
c4 Qg6 19. Qh5 Qe6 20. cxd5 cxd5 21. Ra5 Bb4 22. Rea1 Bxa5 23. Rxa5 c6 24. Ne2 Rb8 25. Nf4 Qd6 26. Ra3 Rxf4 27. Bxf4 Qxf4 28. Qe8+ Qf8 29. Qxc6 Bb7 30. Qc7 Rc8 31. Qxb7 Rc1+ 32. Kh2 Qf4+ 0-1

[Event "Early-Titled-Tuesday-Blitz-November-28-2023"]
[Site "Chess.com"]
[Date "2023.11.28"]
[Round "1"]
[White "SandwichOSaumon"]
[Black "JimDiGrease"]
[Result "0-1"]
[WhiteElo "2509"]
[BlackElo "2974"]
[TimeControl "180+1"]
[EndTime "8:03:15 PST"]
[Termination "JimDiGrease won by resignation"]

1. e4 c5 2. Nf3 e6 3. b3 Nc6 4.
Bb2 a6 5. d4 cxd4 6. Nxd4 Qf6 7. c3 Bc5 8. Be2 Nge7 9. O-O Ng6 10. Na3 O-O 11. Nc4 b5 12. Ne3 Bb7 13. Kh1 Nf4 14. Bf3 Ne5 15. g3 Nfd3 16. Be2 Nxb2 17. Qc2 Nbd3 18.
Bxd3 Bxd4 19. f4 Bxe3 20. Qe2 Nxd3 0-1

[Event "Early-Titled-Tuesday-Blitz-November-28-2023"]
[Site "Chess.com"]
[Date "2023.11.28"]
[Round "1"]
[White "infantaria08"]
[Black "ETTrainer"]
[Result "0-1"]
[WhiteElo "2207"]
[BlackElo "2569"]
[TimeControl "180+1"]
[EndTime "8:03:16 PST"]
[Termination "ETTrainer won by resignation"]

1. d4 d5 2. Bf4 Nc6 3. Nc3 Bf5 4. e3 e6 5. f3 Bd6 6. Nge2 Nf6 7. g4 Bg6 8. h4 h5 9. g5 Ng8 10. Nb5 Nge7 11. Nxd6+ cxd6 12. Nc3 Qb6 13. Rb1 Nf5 14. Bd3 Nb4 15. Bb5+ Ke7 16. Bd3 Rac8 17.
Qe2 Nxd3+ 18. cxd3 Rxc3 19. O-O Rc6 20. Kh2 Rhc8 21.
e4 Rc2 22. Rbe1 Rxe2+ 23. Rxe2 Nxd4 24. Ree1 e5 25. exd5 Qxb2+ 26. Kg3 Rc2 27. Rg1 Ne2+ 0-1

[Event "Early-Titled-Tuesday-Blitz-November-28-2023"]
[Site "Chess.com"]
[Date "2023.11.28"]
[Round "1"]
[White "SayonaraPonytail"]
[Black "FMStan15"]
[Result "1-0"]
[WhiteElo "2542"]
[BlackElo "2046"]
[TimeControl "180+1"]
[EndTime "8:03:16 PST"]
[Termination "SayonaraPonytail won by resignation"]

1. e4 e6 2. d4 d5 3. e5 c5 4. c3 Nc6 5. Nf3 Qb6 6. Bd3 cxd4 7.
O-O dxc3 8. Nxc3 a6 9. Be3 Qd8 10. Na4 Nge7 11. Bb6 Qd7 12. Nc5 Nf5 13. Nxd7 Bxd7 14.
Bxf5 exf5 15. Qxd5 Be6 16. Qd2 Bb4 17. Qf4 O-O 18.
Rfd1 h6 19. h4 Rac8 20. a3 Be7 21. Rac1 Nb8 22. Nd4 g5 23. Qf3 g4 24. Qf4 Kh7 25.
Nxf5 1-0

[Event "Early-Titled-Tuesday-Blitz-November-28-2023"]
[Site "Chess.com"]
[Date "2023.11.28"]
[Round "1"]
[White "alvarorodriguezavila"]
[Black "dcremisi"]
[Result "0-1"]
[WhiteElo "2222"]
[BlackElo "2580"]
[TimeControl "180+1"]
[EndTime "8:03:21 PST"]
[Termination "dcremisi won by resignation"]

1. e4 e6 2. d4 d5 3. Nc3 Bb4 4. e5 c5 5. a3 Bxc3+ 6. bxc3 Ne7 7. Bd3 Qc7 8. Qg4 cxd4 9. Ne2 dxc3 10. Qxg7 Rg8 11. Qxh7 Qxe5 12. Bf4 Qf6 13. O-O Nd7 14. Bd6 Rh8 0-1

[Event "Early-Titled-Tuesday-Blitz-November-28-2023"]
[Site "Chess.com"]
[Date "2023.11.28"]
[Round "1"]
[White "angryspacevoid"]
[Black "scarabee43"]
[Result "1-0"]
[WhiteElo "2471"]
[BlackElo "2800"]
[TimeControl "180+1"]
[EndTime "8:03:25 PST"]
[Termination "angryspacevoid won by checkmate"]

1. e4 c5 2. c3 d5 3. exd5 Qxd5 4. d4 Nf6 5. Nf3 Nc6 6. Na3 e6 7. Be3 cxd4 8. Nb5 Qd7 9. Nbxd4 Bd6 10. Bd3 O-O 11.
O-O Nd5 12. Bd2 Nxd4 13. Nxd4 a6 14. Qh5 Nf6 15. Qh4 Be7 16. Rad1 e5 17. Nf5 Nd5 18. Nxe7+ Qxe7 19. Qxh7# 1-0

[Event "Early-Titled-Tuesday-Blitz-November-28-2023"]
[Site "Chess.com"]
[Date "2023.11.28"]
[Round "1"]
[White "aa175"]
[Black "margarita_2703"]
[Result "0-1"]
[WhiteElo "2596"]
[BlackElo "2314"]
[TimeControl "180+1"]
[EndTime "8:03:30 PST"]
[Termination "margarita_2703 won by resignation"]

1. d3 c5 2. g3 g6 3. Bg2 Bg7 4. Nf3 d5 5. O-O Nf6 6. Nbd2 O-O 7. c3 Nc6 8. Qc2 e5 9. Re1 Be6 10. e4 d4 11. a3 Rc8 12. c4 a6 13. Rb1 Nd7 14.
b4 b6 15. b5 axb5 16. Rxb5 Na7 17. a4 Nxb5 18. axb5 Ra8 19. Bb2 Bg4 20. h3 Bxf3 21.
Bxf3 Nf6 22. Bg2 Bh6 23. Nf3 Nd7 24. Kh2 Qe7 25. Bc1 Bxc1 26. Qxc1 Ra2 27. Qh6 Qf6 28. Rf1 Qg7 29. Qg5 f6 30. Qg4 Qf7 31. h4 h5 32. Qh3 Ra3 33. Rd1 Re8 34. g4 Qe6 35. gxh5 gxh5 36. Qxe6+ Rxe6 37. Bh3 Re7 38. Bf5 Nf8 39.
Rg1+ Rg7 40. Rg2 Rxg2+ 0-1

[Event "Early-Titled-Tuesday-Blitz-November-28-2023"]
[Site "Chess.com"]
[Date "2023.11.28"]
[Round "1"]
[White "rikchessmx"]
[Black "Logman74"]
[Result "0-1"]
[WhiteElo "2284"]
[BlackElo "2610"]
[TimeControl "180+1"]
[EndTime "8:03:33 PST"]
[Termination "Logman74 won by resignation"]

1. e4 e5 2. Nf3 Nc6 3. Bb5 a6 4.
Ba4 Nf6 5. O-O Be7 6. Re1 b5 7. Bb3 O-O 8. d3 h6 9. a4 b4 10.
Nbd2 Bc5 11. Nc4 d6 12. c3 Re8 13. h3 a5 14. d4 exd4 15. cxd4 Ba7 16. Bc2 Ba6 17.
b3 d5 18. Nce5 Nxe5 19. Nxe5 Nxe4 20. Nc6 Qf6 21. Be3 Qxc6 22. Bxe4 Rxe4 23. Rc1 Qd7 24. Qc2 Rae8 25. Red1 Bb6 0-1

[Event "Early-Titled-Tuesday-Blitz-November-28-2023"]
[Site "Chess.com"]
[Date "2023.11.28"]
[Round "1"]
[White "averageFM"]
[Black "Goi_Manne"]
[Result "1-0"]
[WhiteElo "2609"]
[BlackElo "2277"]
[TimeControl "180+1"]
[EndTime "8:03:33 PST"]
[Termination "averageFM won by resignation"]

1. e4 c6 2. d4 d5 3. exd5 cxd5 4. Bd3 Nf6 5. c3 Qc7 6. Ne2 Bg4 7. O-O e6 8. Qe1 Bd6 9. f3 Bh5 10. Qh4 O-O 11. Nf4 Bxf4 12. Bxf4 Qb6 13. b4 Bg6 14. Bxg6 hxg6 15. Bg5 Nbd7 16. Nd2 Rac8 17. Rac1 Qa6 18. Rc2 Qd3 19. Rfc1 Rc7 20. Nb3 b6 21. Qf4 Rfc8 22. Qd2 Qxd2 23. Nxd2 Nb8 24. Bf4 Rc6 25.
b5 Nh5 26. Bxb8 1-0

[Event "Early-Titled-Tuesday-Blitz-November-28-2023"]
[Site "Chess.com"]
[Date "2023.11.28"]
[Round "1"]
[White "Viacheslav92"]
[Black "Saylormoon"]
[Result "1-0"]
[WhiteElo "2566"]
[BlackElo "2201"]
[TimeControl "180+1"]
[EndTime "8:03:33 PST"]
[Termination "Viacheslav92 won by checkmate"]

1. e4 d6 2. d4 Nf6 3. Nc3 e5 4.
Nf3 Nbd7 5. g4 Nxg4 6. Rg1 Ngf6 7.
Bc4 c6 8. Ng5 d5 9. exd5 h6 10.
Nxf7 Kxf7 11. dxc6+ Ke8 12. cxd7+ Qxd7 13. Qe2 Qe7 14. dxe5 Nd7 15. f4 Qh4+ 16. Rg3 Be7 17. Nd5 Bd8 18. Be3 g5 19. O-O-O gxf4 20. Bxf4 a6 21. Nf6+ Ke7 22. Bd2 a5 23. Rg7+ Kf8 24.
Rf7# 1-0

[Event "Early-Titled-Tuesday-Blitz-November-28-2023"]
[Site "Chess.com"]
[Date "2023.11.28"]
[Round "1"]
[White "Ginzburg_Yakov"]
[Black "Arvids_Andrejevs"]
[Result "1/2-1/2"]
[WhiteElo "2602"]
[BlackElo "2327"]
[TimeControl "180+1"]
[EndTime "8:03:35 PST"]
[Termination "Game drawn by repetition"]

1. e4 c6 2. d4 d5 3. Nc3 dxe4 4. Nxe4 Nf6 5. Nxf6+ exf6 6. Bc4 Bd6 7. Ne2 O-O 8.
O-O Qc7 9. Ng3 Bxg3 10. hxg3 Be6 11. Bd3 Nd7 12. Qh5 g6 13. Qh4 Rfe8 14. Bh6 Qd6 15.
c3 b5 16. a3 a5 17. Rfe1 Bd5 18. f3 a4 19. Bf4 Qf8 20. Bh6 Qd6 21. Qh3 Be6 22.
Qh4 Bd5 1/2-1/2

[Event "Early-Titled-Tuesday-Blitz-November-28-2023"]
[Site "Chess.com"]
[Date "2023.11.28"]
[Round "1"]
[White "olakenn"]
[Black "jup1978"]
[Result "0-1"]
[WhiteElo "1897"]
[BlackElo "2528"]
[TimeControl "180+1"]
[EndTime "8:03:42 PST"]
[Termination "jup1978 won by resignation"]

1. e4 e5 2. Nf3 Nf6 3. Nxe5 d6 4.
Nf3 Nxe4 5. Bc4 d5 6. Bb3 c6 7. O-O Bd6 8. Re1 O-O 9. d3 Nf6 10. Nc3 h6 11. Bd2 Bg4 12. h3 Bh5 13. g4 Nxg4 14.
hxg4 Bxg4 15. Nxd5 cxd5 16. Bxd5 Nc6 17. Bxc6 bxc6 18.
Qe2 Qf6 19. Kg2 Rae8 20. Qxe8 Bxf3+ 0-1

[Event "Early-Titled-Tuesday-Blitz-November-28-2023"]
[Site "Chess.com"]
[Date "2023.11.28"]
[Round "1"]
[White "DonJuanEGenaro"]
[Black "NovoselovRoman"]
[Result "0-1"]
[WhiteElo "1838"]
[BlackElo "2527"]
[TimeControl "180+1"]
[EndTime "8:03:42 PST"]
[Termination "NovoselovRoman won by resignation"]

1. d4 Nf6 2. Nf3 d5 3. c4 e6 4. Nc3 Be7 5. e3 Nbd7 6. Bd3 dxc4 7. Bxc4 a6 8. a3 b5 9. Bd3 c5 10. O-O Bb7 11. Re1 O-O 12. Bc2 Qb6 13. Ne5 Rfd8 14. Ng4 Qc6 15. e4 cxd4 16. Qxd4 Nxg4 0-1

[Event "Early-Titled-Tuesday-Blitz-November-28-2023"]
[Site "Chess.com"]
[Date "2023.11.28"]
[Round "1"]
[White "anemih"]
[Black "Hikaru"]
[Result "0-1"]
[WhiteElo "2524"]
[BlackElo "3221"]
[TimeControl "180+1"]
[EndTime "8:04:06 PST"]
[Termination "Hikaru won by checkmate"]

1. e4 a6 2. Nf3 c5 3. d4 cxd4 4. Nxd4 e5 5. Nb3 Nf6 6. f3 d5 7. Bg5 d4 8. c3 Nc6 9. Be2 Be6 10. O-O Qb6 11. Kh1 Rd8 12. Qc2 Be7 13. Rd1 O-O 14.
N1d2 Ng4 15. Bxe7 Nf2+ 16. Kg1 Nxe7 17. Rf1 d3 18. Qc1 Nh3+ 19. Kh1 Qg1+ 20. Rxg1 Nf2# 0-1

[Event "Early-Titled-Tuesday-Blitz-November-28-2023"]
[Site "Chess.com"]
[Date "2023.11.28"]
[Round "1"]
[White "Jojo_898"]
[Black "Druid24"]
[Result "0-1"]
[WhiteElo "2379"]
[BlackElo "2687"]
[TimeControl "180+1"]
[EndTime "8:04:10 PST"]
[Termination "Druid24 won by resignation"]

1. e4 g6 2. d4 Bg7 3. Nc3 a6 4. Nf3 b5 5. a3 Bb7 6. Bg5 d6 7.
Be2 Nd7 8. O-O Ngf6 9. e5 Nd5 10. Nxd5 Bxd5 11. Re1 O-O 12. exd6 cxd6 13. Bf1 Nf6 14. b3 Qd7 15. c4 Bb7 16. Rc1 bxc4 17. bxc4 Rac8 18.
Qb3 h6 19. Bh4 g5 20. Bg3 Ne4 21. d5 f5 22. Bd3 Nc5 23. Qc2 f4 24. Bh7+ Kh8 25.
Bh4 Qg4 26. h3 Qd7 27. Bxg5 hxg5 28. Nxg5 Rf6 29. Bg8 Kxg8 30. Qd3 Nxd3 0-1

[Event "Early-Titled-Tuesday-Blitz-November-28-2023"]
[Site "Chess.com"]
[Date "2023.11.28"]
[Round "1"]
[White "AjedrezenMadrid"]
[Black "GoltsevDmitry2000"]
[Result "0-1"]
[WhiteElo "2377"]
[BlackElo "2682"]
[TimeControl "180+1"]
[EndTime "8:04:13 PST"]
[Termination "GoltsevDmitry2000 won by resignation"]

1. Nf3 d5 2. g3 c6 3. Bg2 Nf6 4.
b3 g6 5. c4 Bg7 6. Bb2 O-O 7.
O-O dxc4 8. bxc4 Bg4 9. d3 Nbd7 10. h3 Bf5 11. Nd4 Ne8 12. Qc1 Qb6 13. Nb3 Nc5 14. Bxg7 Nxg7 15. N1d2 Nge6 16. d4 Nxb3 17. Nxb3 Nxd4 18.
Nxd4 Qxd4 19. Rd1 Qe5 20. Qg5 Qxe2 21. Re1 Qxc4 22. Rxe7 Rfe8 23. Rxb7 Qc3 24. Rc1 Re1+ 25. Rxe1 Qxe1+ 26. Kh2 Qxf2 27. Qf6 Qxa2 28. Qxc6 Rf8 29. Qd6 Be4 0-1

[Event "Early-Titled-Tuesday-Blitz-November-28-2023"]
[Site "Chess.com"]
[Date "2023.11.28"]
[Round "1"]
[White "Gentlejimmy7"]
[Black "Zainullina_Nataliya"]
[Result "1-0"]
[WhiteElo "2549"]
[BlackElo "2147"]
[TimeControl "180+1"]
[EndTime "8:04:17 PST"]
[Termination "Gentlejimmy7 won by resignation"]

1. c4 e5 2. Nf3 Nc6 3. d3 f5 4. Nc3 Nf6 5. g3 Be7 6. Bg2 O-O 7. O-O d6 8. Rb1 Be6 9. b4 Qd7 10. b5 Nd8 11. Ng5 Rb8 12. Nxe6 Nxe6 13.
Nd5 Bd8 14. a4 Kh8 15. Be3 Nc5 16. Qc2 Nxd5 17. Bxd5 Bf6 18. Rfd1 c6 19. bxc6 bxc6 20. Rxb8 Rxb8 21. Bg2 Ne6 22. Rb1 Rxb1+ 23. Qxb1 h6 24. Qb8+ Kh7 25. Qxa7 Qxa7 26. Bxa7 c5 27. Bb8 Be7 28. a5 1-0

[Event "Early-Titled-Tuesday-Blitz-November-28-2023"]
[Site "Chess.com"]
[Date "2023.11.28"]
[Round "1"]
[White "katharinareinecke"]
[Black "The_Sherman_Variation"]
[Result "0-1"]
[WhiteElo "1979"]
[BlackElo "2533"]
[TimeControl "180+1"]
[EndTime "8:04:18 PST"]
[Termination "The_Sherman_Variation won by resignation"]

1. d4 d5 2. c4 e6 3. Nf3 Nf6 4. g3 Be7 5. Bg2 O-O 6. O-O dxc4 7.
Ne5 Nc6 8. Nxc6 bxc6 9. Na3 Bxa3 10.
bxa3 Rb8 11. a4 Qd6 12. Bf4 Qe7 13. Qd2 Nd5 14. Qa5 Nxf4 15. gxf4 Rb6 16. Qxa7 Bb7 17.
Qa5 Ra8 18. Qc5 Qxc5 19. dxc5 Rb4 20. Rfb1 Raxa4 21. a3 Rb3 22. Rd1 g6 23. Rd8+ Kg7 24.
Rb8 c3 25. Bxc6 c2 26. Rxb7 Raxa3 27. Rxb3 Rxa1+ 28. Kg2 c1=Q 0-1

[Event "Early-Titled-Tuesday-Blitz-November-28-2023"]
[Site "Chess.com"]
[Date "2023.11.28"]
[Round "1"]
[White "tantaan"]
[Black "Ramosha"]
[Result "1-0"]
[WhiteElo "2344"]
[BlackElo "2611"]
[TimeControl "180+1"]
[EndTime "8:04:20 PST"]
[Termination "tantaan won by resignation"]

1. d4 Nf6 2. c4 e6 3. Nc3 Bb4 4. f3 O-O 5. a3 Bxc3+ 6. bxc3 c5 7. e4 b5 8. cxb5 cxd4 9. cxd4 d5 10. e5 Nfd7 11.
Bd3 f6 12. f4 fxe5 13. dxe5 a6 14. Nf3 axb5 15. O-O Nc6 16. Kh1 Qb6 17. Rb1 Ba6 18.
Ng5 Ndxe5 19. Bxh7+ Kh8 20. Qh5 g6 21. Bxg6+ Kg7 22.
Qh7+ Kf6 23. fxe5+ Kxe5 24. Qg7+ Kd6 25. Rxf8 Qd4 26.
Qxd4 Rxf8 27. Qd1 b4 28. Nf3 bxa3 29. Bxa3+ Kd7 30. Bxf8 1-0

[Event "Early-Titled-Tuesday-Blitz-November-28-2023"]
[Site "Chess.com"]
[Date "2023.11.28"]
[Round "1"]
[White "ChessRespected"]
[Black "maurovargas01"]
[Result "1-0"]
[WhiteElo "2527"]
[BlackElo "1858"]
[TimeControl "180+1"]
[EndTime "8:04:22 PST"]
[Termination "ChessRespected won by resignation"]

1. d4 d5 2. Nf3 Nf6 3. e3 Bg4 4. c4 e6 5. Nc3 c6 6. h3 Bf5 7. Qb3 Qc8 8. Nh4 Bg6 9. Nxg6 hxg6 10.
Bd2 Bd6 11. O-O-O Nbd7 12. Kb1 O-O 13. h4 dxc4 14. Bxc4 Nb6 15. h5 Nxc4 16. Qxc4 Nxh5 17. Qf1 c5 18. g4 Nf6 19. Qh3 Nh5 20. gxh5 gxh5 21. Qxh5 f6 22. Ne4 Be7 23. Qg6 cxd4 24.
Rh7 Rf7 25. Rdh1 1-0

[Event "Early-Titled-Tuesday-Blitz-November-28-2023"]
[Site "Chess.com"]
[Date "2023.11.28"]
[Round "1"]
[White "Rud_Makarian"]
[Black "szachuspl"]
[Result "1-0"]
[WhiteElo "2977"]
[BlackElo "2512"]
[TimeControl "180+1"]
[EndTime "8:04:27 PST"]
[Termination "Rud_Makarian won by resignation"]

1. d4 Nf6 2. c4 g6 3. Nf3 Bg7 4. Nc3 O-O 5. e4 d6 6. Be2 Nbd7 7. O-O e5 8. Be3 c6 9. d5 cxd5 10. cxd5 a6 11. Nd2 b5 12. b4 Nb6 13. a4 bxa4 14. Nxa4 Nfd7 15. f3 Bb7 16. Nb3 Nxa4 17. Rxa4 Nb6 18. Ra2 f5 19. Na5 Bc8 20. Nc6 Qc7 21.
Qd2 Nd7 22. Rc1 Qb7 23. Rac2 fxe4 24. Ne7+ Kh8 25. Rc7 Qb8 26. Rxc8 Rxc8 27. Rxc8+ Qxc8 28. Nxc8 exf3 29. gxf3 Rxc8 30. Bxa6 Rb8 31. b5 Bf6 32. Ba7 Rf8 33. b6 Bd8 34. b7 Bc7 35. Bb5 Nc5 36.
Bxc5 dxc5 37. d6 Bb6 38. Qd5 1-0

[Event "Early-Titled-Tuesday-Blitz-November-28-2023"]
[Site "Chess.com"]
[Date "2023.11.28"]
[Round "1"]
[White "bazar-wokzal"]
[Black "RamonManon0g"]
[Result "1-0"]
[WhiteElo "2637"]
[BlackElo "2331"]
[TimeControl "180+1"]
[EndTime "8:04:28 PST"]
[Termination "bazar-wokzal won by resignation"]

1. e4 c5 2. c3 Nf6 3. e5 Nd5 4. d4 cxd4 5. cxd4 Nc6 6. Nc3 Nxc3 7. bxc3 e6 8. f4 d6 9. Nf3 dxe5 10. fxe5 Be7 11. Bd3 Qa5 12. Bd2 b6 13. O-O Ba6 14.
Be4 Rc8 15. Rf2 O-O 16. Rc1 Qxa2 17. Ra1 Qc4 18. Ra4 Qb5 19. c4 Qb2 20. Be1 Qxf2+ 21. Bxf2 Na5 22. c5 Rfd8 23. Qb1 h6 24. Be3 Nc4 25. Bxh6 Nd2 26. Bxd2 1-0

[Event "Early-Titled-Tuesday-Blitz-November-28-2023"]
[Site "Chess.com"]
[Date "2023.11.28"]
[Round "1"]
[White "F-Ghaith2021"]
[Black "VincentKeymer"]
[Result "0-1"]
[WhiteElo "2514"]
[BlackElo "3015"]
[TimeControl "180+1"]
[EndTime "8:04:47 PST"]
[Termination "VincentKeymer won by checkmate"]

1. e4 c6 2. d4 d5 3. exd5 cxd5 4.
Bd3 Nf6 5. h3 Nc6 6. c3 e5 7. dxe5 Nxe5 8. Be2 Bd6 9. Nf3 Qe7 10.
O-O O-O 11. Bg5 Nxf3+ 12. Bxf3 Qe5 13. g3 Qxg5 14. Bg2 Bd7 15. Nd2 Bc5 16. a4 Qxg3 17. b4 Bxh3 18. Qf3 Qxg2+ 19. Qxg2 Bxg2 20. Kxg2 Bd6 21. Rad1 Rac8 22. Nb1 Rfe8 23. Rd3 h5 24. Kf3 Rc4 25. Nd2 Rf4+ 26. Kg2 Re5 27. Nf3 Ref5 28. Re1 Ne4 29. c4 h4 30. Ree3 dxc4 31. Rd4 h3+ 32. Kf1 Rxf3 33. Rxf3 Rxf3 34. Rxe4 h2 35. Kg2 Rxf2+ 36.
Kh1 Rf1+ 37. Kg2 h1=Q# 0-1

[Event "Early-Titled-Tuesday-Blitz-November-28-2023"]
[Site "Chess.com"]
[Date "2023.11.28"]
[Round "1"]
[White "Actuary44"]
[Black "Flawless_Fighter"]
[Result "0-1"]
[WhiteElo "2454"]
[BlackElo "2811"]
[TimeControl "180+1"]
[EndTime "8:04:49 PST"]
[Termination "Flawless_Fighter won by resignation"]

1. e4 c6 2. d4 d5 3. Nc3 dxe4 4. Nxe4 Nf6 5. Ng3 h5 6. h4 c5 7. Be3 Ng4 8. d5 Nxe3 9. fxe3 Bg4 10. Bb5+ Nd7 11.
Qd2 g6 12. Nf3 Bg7 13. O-O-O O-O 14. Be2 b5 15. Ng5 Bxe2 16. Nxe2 Ne5 17. c3 b4 18.
Nf4 Rb8 19. Qe2 bxc3 20. bxc3 Qa5 21. Ne4 Qa3+ 0-1

[Event "Early-Titled-Tuesday-Blitz-November-28-2023"]
[Site "Chess.com"]
[Date "2023.11.28"]
[Round "1"]
[White "A-Fier"]
[Black "Daniel_Salinas"]
[Result "1-0"]
[WhiteElo "2746"]
[BlackElo "2420"]
[TimeControl "180+1"]
[EndTime "8:04:52 PST"]
[Termination "A-Fier won by resignation"]

1. Nf3 Nf6 2. g3 d5 3. Bg2 g6 4. O-O Bg7 5. d3 O-O 6. Nc3 c5 7. a3 Nc6 8. Rb1 d4 9. Na4 Nd7 10. c4 a5 11. e3 e5 12. exd4 cxd4 13. b4 axb4 14. axb4 Re8 15. Nd2 Nb6 16. Nc5 Bf5 17. b5 Na5 18. Nde4 Qc7 19. f4 exf4 20. Bxf4 Be5 21.
Nf6+ Kg7 22. Nxe8+ Rxe8 23. Bxe5+ Rxe5 24. Ne4 Bxe4 25. Bxe4 Naxc4 26. Qc2 Qe7 27. Rf2 f5 28. Bg2 Ne3 29.
Qb2 Ng4 30. Rf4 Rd5 31. Bxd5 Qe3+ 32. Kg2 1-0

[Event "Early-Titled-Tuesday-Blitz-November-28-2023"]
[Site "Chess.com"]
[Date "2023.11.28"]
[Round "1"]
[White "Volodar_Murzin"]
[Black "juniortay"]
[Result "1-0"]
[WhiteElo "2882"]
[BlackElo "2492"]
[TimeControl "180+1"]
[EndTime "8:04:53 PST"]
[Termination "Volodar_Murzin won by resignation"]

1. Nf3 d5 2. g3 c5 3. Bg2 Nc6 4. O-O Nf6 5. d3 e6 6. Nbd2 Be7 7. e4 b6 8. Re1 Bb7 9. e5 Nd7 10. Nf1 g5 11. h3 h5 12. g4 hxg4 13. hxg4 Qc7 14.
Qe2 O-O-O 15. Ng3 Rdg8 16. c3 Nf8 17. d4 Ng6 18. Be3 Nf4 19. Qd1 Nxg2 20. Kxg2 f5 21. exf6 Bxf6 22. Rh1 e5 23. Rxh8 Rxh8 24. Nh5 Rxh5 25.
gxh5 g4 26. Nxe5 Nxe5 27. Bf4 Qg7 28. dxe5 d4+ 29. Kg3 Bxe5 30. Qxg4+ 1-0

[Event "Early-Titled-Tuesday-Blitz-November-28-2023"]
[Site "Chess.com"]
[Date "2023.11.28"]
[Round "1"]
[White "bascheyaro"]
[Black "ElDivis"]
[Result "1-0"]
[WhiteElo "2838"]
[BlackElo "2460"]
[TimeControl "180+1"]
[EndTime "8:04:54 PST"]
[Termination "bascheyaro won by resignation"]

1. d4 Nf6 2. c4 e6 3. Nf3 d5 4. Nc3 c6 5. Bg5 h6 6. Bh4 g5 7. Bg3 dxc4 8. e3 b5 9. a4 Bb4 10. axb5 cxb5 11. h4 Rg8 12. hxg5 hxg5 13. Bxb8 Rxb8 14.
Rxa7 Nd5 15. Ne5 Bb7 16. Qh5 Qf6 17. Be2 Nxc3 18. bxc3 Bxc3+ 19. Kf1 Ra8 20. Rxa8+ Bxa8 21. Qh7 Qg7 22. Qxg7 Rxg7 23. Rh8+ Ke7 24. Rxa8 Rh7 1-0

[Event "Early-Titled-Tuesday-Blitz-November-28-2023"]
[Site "Chess.com"]
[Date "2023.11.28"]
[Round "1"]
[White "MikeSailer"]
[Black "doublesik"]
[Result "0-1"]
[WhiteElo "2037"]
[BlackElo "2536"]
[TimeControl "180+1"]
[EndTime "8:04:54 PST"]
[Termination "doublesik won by resignation"]

1. d4 d5 2. Bf4 Nf6 3. e3 c5 4.
Nc3 a6 5. Nf3 e6 6. Be2 Nc6 7.
h3 Be7 8. a3 b5 9. dxc5 Bxc5 10. O-O O-O 11. Nd4 Bb7 12. Nxc6 Bxc6 13. Bd3 Re8 14. Qe2 e5 15. b4 Bb6 16. Bg5 e4 17.
Bxb5 axb5 18. Nxb5 h6 19. Bh4 Qd7 20. Nd4 Bxd4 21.
exd4 Bb5 22. Qe3 Bxf1 23. Rxf1 Qc6 24. f3 exf3 25. Qxf3 Re6 26. c3 Rxa3 0-1

[Event "Early-Titled-Tuesday-Blitz-November-28-2023"]
[Site "Chess.com"]
[Date "2023.11.28"]
[Round "1"]
[White "kai_nov"]
[Black "hakanazeri2"]
[Result "1-0"]
[WhiteElo "2251"]
[BlackElo "2569"]
[TimeControl "180+1"]
[EndTime "8:04:55 PST"]
[Termination "kai_nov won by resignation"]

1. d4 Nf6 2. Nc3 d5 3. Bg5 e6 4.
e4 dxe4 5. Nxe4 Be7 6. Bxf6 Bxf6 7. Nf3 b6 8. c3 Bb7 9. Bd3 Nd7 10. Qe2 O-O 11. O-O-O Qe7 12. Kb1 c5 13. g4 cxd4 14. g5 Be5 15. Rdg1 dxc3 16. Nxe5 Nxe5 17. Nf6+ Kh8 18.
Qxe5 gxf6 19. gxf6 Qc5 20. Rg7 1-0